AoeStats
← dean03110206

Arena

504674695Analyzed
4v4 RM · 25d ago on Sep 6, 2026· 49m 3s· 8 players
Game mode
Random Map
Map size
Large (8 player)
Population
200
Speed
Normal
Resources
Standard
Victory
Conquest
Starting age
Dark Age
Ending age
Imperial Age
RankedLock teamsTeams togetherTeam positionsShared explorationLock speedFull tech treeHidden civsTurbo modeCheats
Victory
Defeat
🇨🇳 Wei · China
1057
+14
🇳🇿 Gurjaras · New Zealand
1048
+15
🇹🇼 Celts · Taiwan
1044
+15
🇦🇺 Bohemians · Australia
1009
+16
🇲🇽 Ethiopians · Mexico
1271
-24
🇺🇸 Poles · United States
984
-14
🇲🇽 Spanish · Mexico
945
-12
🇲🇽 Romans · Mexico
875
-10
dean03110206
0:27 Loom
11:41 Feudal Age
16:00 Castle Age
23:36 Horse Collar
25:18 Wheelbarrow
24:45 Double-Bit Axe
27:12 Hand Cart
31:07 Imperial Age
29:37 Bow Saw
29:45 Hand Cart
30:34 Gold Mining
30:38 Pikeman
33:37 Chemistry
32:11 Heavy Scorpion
33:33 Onager
34:46 Halberdier
35:40 Forging
35:31 Scale Mail Armor
36:54 Capped Ram
38:20 Siege Ram
40:06 Chain Mail Armor
40:26 Iron Casting
41:24 Furor Celtica
44:55 Heavy Plow
48:10 Plate Mail Armor
48:40 Blast Furnace
49:48 Ballistics
49:11 Treadmill Crane
49:45 Fortified Wall
49:43 Siege Engineers
wtcl
1:35 Loom
1:41 Loom
10:49 Feudal Age
12:22 Double-Bit Axe
14:44 Castle Age
13:25 Horse Collar
19:56 Bow Saw
21:51 Wheelbarrow
22:47 Heavy Plow
23:38 Gold Mining
23:55 Stone Mining
25:49 Gold Shaft Mining
25:54 Hand Cart
26:00 Loom
28:36 Stone Shaft Mining
27:47 Treadmill Crane
31:10 Imperial Age
28:28 Town Watch
29:20 Bloodlines
29:18 Scale Barding Armor
29:41 Husbandry
30:26 Chain Barding Armor
30:19 Forging
31:17 Heavy Hei Guang Cavalry
33:52 Ming Guang Armor
34:37 Iron Casting
34:50 Fletching
35:22 Ballistics
36:02 Chemistry
34:28 Light Cavalry
35:35 Conscription
37:24 Capped Ram
39:38 Blast Furnace
38:37 Bodkin Arrow
38:42 Padded Archer Armor
39:29 Siege Ram
41:12 Tuntian
42:11 Hussar
44:59 Heavy Scorpion
smurfrus
10:30 Feudal Age
11:29 Double-Bit Axe
14:22 Castle Age
12:35 Gold Mining
12:44 Horse Collar
15:46 Bow Saw
22:37 Heavy Plow
23:42 Loom
26:28 Wheelbarrow
29:25 Scale Mail Armor
29:36 Forging
37:40 Imperial Age
35:29 Hand Cart
38:00 Elite Chakram Thrower
39:05 Kshatriyas
39:55 Fervor
43:58 Iron Casting
43:39 Chain Mail Armor
44:57 Redemption
45:09 Sanctity
45:58 Crop Rotation
46:07 Gold Shaft Mining
45:22 Stone Mining
46:49 Plate Mail Armor
46:04 Siege Elephant
47:13 Ballistics
48:07 Conscription
xXTiroNoChakraXx
11:27 Feudal Age
12:00 Loom
17:12 Castle Age
15:51 Double-Bit Axe
15:51 Horse Collar
19:36 Fervor
25:50 Fletching
27:35 Wheelbarrow
27:47 Bodkin Arrow
31:37 Imperial Age
30:28 Bow Saw
32:25 Chemistry
31:48 Ballistics
32:38 Bracer
34:04 Conscription
33:44 Town Watch
34:14 Hand Cart
34:07 Padded Archer Armor
35:59 Fortified Wall
40:01 Leather Archer Armor
40:53 Treadmill Crane
41:48 Ring Archer Armor
42:09 Town Patrol
43:40 Elite Skirmisher
48:23 Houfnice
Fierro6438
10:36 Feudal Age
15:24 Castle Age
14:07 Double-Bit Axe
14:05 Horse Collar
26:51 Bow Saw
26:44 Heavy Plow
30:43 Imperial Age
28:02 Loom
30:02 Gold Mining
30:03 Stone Mining
31:08 Szlachta Privileges
31:23 Bloodlines
31:04 Cavalier
31:46 Husbandry
33:03 Scale Barding Armor
33:08 Forging
32:49 Fletching
33:00 Padded Archer Armor
33:54 Wheelbarrow
34:51 Chain Barding Armor
36:32 Chemistry
35:53 Ballistics
35:46 Fortified Wall
OGTierraOz
13:09 Feudal Age
13:54 Horse Collar
14:08 Double-Bit Axe
19:50 Castle Age
17:34 Horse Collar
17:47 Stone Mining
17:59 Gold Mining
21:18 Bow Saw
21:49 Gold Shaft Mining
21:21 Heavy Plow
31:14 Imperial Age
29:24 Wheelbarrow
30:06 Squires
31:01 Ballistics
31:16 Forging
31:07 Scale Mail Armor
33:58 Chemistry
34:36 Iron Casting
34:58 Pikeman
36:00 Chain Mail Armor
38:52 Ballistas
40:23 Halberdier
42:18 Heavy Scorpion
45:59 Blast Furnace
VTL Angexlz
0:37 Loom
10:17 Feudal Age
14:22 Castle Age
12:38 Double-Bit Axe
13:01 Horse Collar
15:23 Bow Saw
15:22 Heavy Plow
26:50 Imperial Age
24:42 Fletching
26:19 Crossbowman
28:32 Chemistry
28:08 Bodkin Arrow
28:28 Gold Mining
29:40 Ballistics
29:32 Thumb Ring
29:21 Town Watch
29:34 Arbalester
31:54 Bracer
32:05 Thumb Ring
33:44 Padded Archer Armor
35:10 Leather Archer Armor
38:44 Wheelbarrow
42:08 Gold Shaft Mining
43:06 Ring Archer Armor
42:51 Siege Engineers
OGTxANGELESS
11:18 Feudal Age
10:56 Loom
16:42 Castle Age
15:36 Double-Bit Axe
15:35 Horse Collar
17:13 Wheelbarrow
19:02 Hand Cart
21:34 Squires
30:03 Imperial Age
27:59 Gold Mining
28:28 Bow Saw
29:48 Scale Mail Armor
31:31 Heavy Plow
31:54 Forging
31:59 Stone Mining
33:25 Conscription
35:13 Iron Casting
34:53 Chain Mail Armor
35:07 Husbandry
35:18 Bloodlines
36:26 Chemistry
35:28 Pikeman
38:53 Two-Man Saw
39:12 Blast Furnace
38:42 Plate Mail Armor
43:17 Scale Barding Armor
Connection lost

Rejoining the realm…

Still unreachable

The connection could not be restored.

Session expired

The server has moved on; the page needs a fresh start.